 Dungeon Crawl Stone Soup version 0.27-a0-1149-g4505690ab0 (webtiles) character file.

Game seed: 481097780656556641

2876 Bapho the Magician (level 9, -7/66 HPs)
             Began as a Gnoll Venom Mage on May 13, 2021.
             Was a Follower of Cheibriados.
             Killed by divine providence
             ... invoked by an orc priest
              (17 damage)
             ... on level 8 of the Dungeon.
             The game lasted 00:17:48 (10369 turns).

Bapho the Magician (Gnoll Venom Mage)              Turns: 10369, Time: 00:17:49

Health: -7/66      AC:  0    Str:  8 (10) XL:     9   Next: 76%
Magic:  14/19      EV: 17    Int: 19 (20) God:    Cheibriados [*.....]
Gold:   347        SH:  0    Dex: 14      Spells: 8/21 levels left

rFire    . . .     SeeInvis .     - Unarmed
rCold    . . .     Faith    .   (shield currently unavailable)
rNeg     . . .     Spirit   .   (armour currently unavailable)
rPois    .         Reflect  .   (helmet currently unavailable)
rElec    .         Harm     .   (cloak currently unavailable)
rCorr    .         Rampage  .   (gloves currently unavailable)
Will     .....                  (boots currently unavailable)
Stlth    +++.......             b - amulet of magic regeneration
HPRegen  0.21/turn              (ring currently unavailable)
MPRegen  0.41/turn              (ring currently unavailable)

@: pig-form, very slightly contaminated
A: fast, no casting, small, (fangs 1), strong nose, distributed training
a: Renounce Religion, Bend Time


You were on level 8 of the Dungeon.
You worshipped Cheibriados.
Cheibriados was aware of your devotion.
You were a filthy swine.
You visited 2 branches of the dungeon, and saw 9 of its levels.

You collected 347 gold pieces.

Inventory:

Hand Weapons
 n - the +6 whip of Patience (melded) {pain, Fragile rF+ Dex+3}
   (You found it on level 4 of the Dungeon)

   In the hands of one skilled in necromantic magic, it inflicts extra damage on
   living creatures.
   It affects your dexterity (+3).
   It protects you from fire.
   It will be destroyed if unequipped.
Missiles
 c - 3 curare-tipped darts
 j - 5 boomerangs
Armour
 a - a +0 robe (melded)
 D - a +0 helmet (melded)
 H - a +1 hat
 J - a +0 cloak (melded)
Jewellery
 b - an amulet of magic regeneration (around neck)
 k - a ring of flight
 x - a +6 ring of dexterity (melded)
 I - a ring of fire (melded)
Wands
 e - a wand of iceblast (7)
 f - a wand of acid (4)
 s - a wand of charming (15)
 w - a wand of mindburst (13)
 F - a wand of flame (12)
Scrolls
 d - a scroll of brand weapon {unknown}
 l - 2 scrolls of enchant armour {unknown}
 p - a scroll of fog {unknown}
 q - a scroll of vulnerability {unknown}
 r - 3 scrolls of identify
 u - a scroll of silence
 y - a scroll of fear {unknown}
 z - a scroll of noise {unknown}
 C - a scroll of enchant weapon
Potions
 g - 2 potions of degeneration
 h - 3 potions of haste
 i - 2 potions of berserk rage
 m - a potion of invisibility
 o - 2 potions of lignification
 t - 2 potions of brilliance {unknown}
 v - 2 potions of heal wounds {unknown}
 A - a potion of might {unknown}
 B - a potion of mutation {unknown}
 E - a potion of attraction {unknown}
 G - a potion of resistance {unknown}


   Skills:
 + Level 4.5 Fighting
 + Level 4.5 Short Blades
 + Level 4.5 Long Blades
 + Level 4.5 Axes
 + Level 4.5 Maces & Flails
 + Level 4.5 Polearms
 + Level 4.5 Staves
 + Level 4.5 Slings
 + Level 4.5 Bows
 + Level 4.5 Crossbows
 + Level 4.5 Throwing
 + Level 4.5 Armour
 + Level 6.5 Dodging
 + Level 6.2 Stealth
 + Level 4.5 Shields
 + Level 4.5 Unarmed Combat
 + Level 6.8 Spellcasting
 + Level 3.7 Conjurations
 + Level 3.7 Hexes
 + Level 3.7 Summonings
 + Level 3.7 Necromancy
 + Level 3.7 Translocations
 + Level 4.3 Transmutations
 + Level 3.7 Fire Magic
 + Level 3.7 Ice Magic
 + Level 3.7 Air Magic
 + Level 3.7 Earth Magic
 + Level 6.7 Poison Magic
 + Level 5.0 Invocations
 + Level 4.5 Evocations


You had 8 spell levels left.
You knew the following spells:

 Your Spells              Type           Power      Damage    Failure   Level
a - Sting                 Tmut/Pois      100%       1d8       1%          1
b - Poisonous Vapours     Pois/Air       52%        N/A       1%          2
c - Ignite Poison         Fire/Tmut/Pois 25%        N/A       4%          3
d - Mephitic Cloud        Conj/Pois/Air  24%        N/A       4%          3
e - Olgreb's Toxic Radia  Pois           32%        N/A       6%          4

Your spell library contained the following spells:

 Spells                   Type           Power      Damage    Failure   Level
 Beastly Appendage        Tmut           46%        N/A       1%          1
 Wereblood                Tmut           23%        N/A       2%          2
 Spider Form              Tmut/Pois      13%        N/A       3%          3
 Ice Form                 Ice/Tmut       22%        N/A       19%         4
 Hydra Form               Tmut           11%        N/A       43%         5


Dungeon Overview and Level Annotations

Branches:
Dungeon (8/15)             Temple (1/1) D:7
   Lair: D:8-11

Altars:
Ashenzari
Cheibriados
Dithmenos
Elyvilon
Fedhas
Gozag
Hepliaklqana
Kikubaaqudgha
Makhleb
Nemelex Xobeh
Okawaru
Qazlal
Ru
Sif Muna
Trog
Uskayaw
Vehumet
Wu Jian
Yredelemnul
Zin
The Shining One

Shops:
D:2 (

Annotations:
D:8 Harold, Prince Ribbit


Innate Abilities, Weirdness & Mutations

You are a filthy swine.
You move quickly.
Your equipment is almost entirely melded.
You are incapable of wielding weapons or throwing items.
You cannot cast spells.
((You have very sharp teeth.))
Your uncanny sense of smell can sniff out nearby items.
Your experience applies equally to all skills.


Message History

Harold fires a harpoon shot at you. The harpoon shot hits you!
You are yanked forward by the harpoon shot.
Harold completely misses you.
Prince Ribbit blinks!
Casting: Poisonous Vapours (safe; 1% risk of failure)
Confirm with . or Enter, or press ? or * to list all spells.
Aiming: Poisonous Vapours (safe; 1% risk of failure)
Press: ? - help, Dir - move target, f - Harold
Aim: Harold, wielding a +0 hand axe of electrocution, wearing a +0 scale mail, quivering 3 throwing nets and carrying a wand of polymorph (12) Poisonous vapours surround Harold!
The kobold shouts!
The orc wizard points at itself and mumbles some strange words.
The orc wizard flickers and vanishes!
Deactivating autopickup; reactivate with Ctrl-A.
Harold is engulfed in poison gas.
Harold is poisoned.
Harold says, "Do you have any idea what people are willing to pay to have you killed, Bapho?"
Harold hits you with a +0 hand axe of electrocution!
You are electrocuted!
Harold is engulfed in poison gas.
Harold looks even sicker.
There is a stone staircase leading down here.
Casting: Poisonous Vapours (safe; 1% risk of failure)
Confirm with . or Enter, or press ? or * to list all spells.
Aiming: Poisonous Vapours (safe; 1% risk of failure)
Press: ? - help, Dir - move target, f/p - Harold
Aim: Harold, wielding a +0 hand axe of electrocution, wearing a +0 scale mail, quivering 3 throwing nets and carrying a wand of polymorph (12) (lightly wounded, very poisoned)
You miscast Poisonous Vapours.
You are very lightly contaminated with residual magic.
Nothing appears to happen.
Harold hits you with a +0 hand axe of electrocution!
You are electrocuted!
* * * LOW HITPOINT WARNING * * *
Harold zaps a wand.
You turn into a filthy swine.
The +6 whip of Patience {pain, Fragile rF+ Dex+3} melds into your body.
Your +0 cloak melds into your body.
Your +0 helmet melds into your body.
Your +0 robe melds into your body.
Your ring of fire melds into your body.
Your +6 ring of dexterity melds into your body.
You feel clumsy.
The orc priest invokes the aid of Beogh against you.
Beogh smites you!
You die... {..K....... ......... . oK..)..

.. ..KF. ..# §.K
.... #o##....# ###
##@...# ##.##
###>K####
∆#####...####.h..#
.......#..<)..##.#
.#####...#.)..##.#
##.##....##.#
#.#.....##.#
#.#.........
#[#.....##.#
#.##....##.# ..
#....##.#


You could see Harold (very poisoned), Prince Ribbit (poisoned), an orc priest
and 2 kobolds.

Vanquished Creatures
  Pikel (D:5)
  Eustachio (D:6)
  Edmund (D:6)
  Menkaure (D:6)
  2 ice beasts
  A hornet zombie (D:7)
  An ogre (D:7)
  A centaur (D:7)
  A bullfrog (D:6)
  A gnoll sergeant (D:7)
  4 scorpions
  2 water moccasin zombies
  A wyvern skeleton (D:7)
  5 wights
  A bullfrog zombie (D:5)
  2 centaur zombies
  A jelly (D:5)
  A centaur skeleton (D:4)
  3 hounds
  A gnoll shaman (D:7)
  3 orc priests
  Crazy Yiuf (D:7)
  2 iguanas
  5 orc wizards
  A hound zombie (D:5)
  8 adders
  12 gnolls
  A shadow imp (D:7)
  2 ufetubi
  A worm (D:3)
  2 dart slugs (D:2)
  17 orcs
  An endoplasm (D:1)
  3 giant cockroaches
  7 hobgoblins
  4 jackals
  6 quokkas
  4 ball pythons
  A bat (D:3)
  3 goblins
  7 kobolds
  6 rats
129 creatures vanquished.

Notes
Turn   | Place    | Note
-------+----------+-------------------------------------------
     0 | D:1      | Bapho the Gnoll Venom Mage began the quest for the Orb.
     0 | D:1      | Reached XP level 1. HP: 13/13 MP: 6/6
    80 | D:1      | Found a faded altar of an unknown god.
   627 | D:1      | Reached XP level 2. HP: 7/19 MP: 2/7
  1076 | D:1      | Learned a level 2 spell: Poisonous Vapours
  1808 | D:2      | Found Popirul's Weapon Shoppe.
  1814 | D:2      | Reached XP level 3. HP: 25/25 MP: 6/9
  1864 | D:2      | Reached skill level 5 in Spellcasting
  1901 | D:2      | Reached skill level 1 in Invocations
  2525 | D:3      | Reached skill level 1 in Fighting
  2525 | D:3      | Reached skill level 1 in Short Blades
  2525 | D:3      | Reached skill level 1 in Long Blades
  2525 | D:3      | Reached skill level 1 in Axes
  2525 | D:3      | Reached skill level 1 in Maces & Flails
  2525 | D:3      | Reached skill level 1 in Polearms
  2525 | D:3      | Reached skill level 1 in Staves
  2525 | D:3      | Reached skill level 1 in Slings
  2525 | D:3      | Reached skill level 1 in Bows
  2525 | D:3      | Reached skill level 1 in Crossbows
  2525 | D:3      | Reached skill level 1 in Throwing
  2525 | D:3      | Reached skill level 1 in Armour
  2525 | D:3      | Reached skill level 1 in Shields
  2525 | D:3      | Reached skill level 1 in Unarmed Combat
  2525 | D:3      | Reached skill level 1 in Evocations
  2920 | D:3      | Reached XP level 4. HP: 32/32 MP: 8/11
  3209 | D:3      | Reached skill level 1 in Conjurations
  3209 | D:3      | Reached skill level 1 in Hexes
  3209 | D:3      | Reached skill level 1 in Summonings
  3209 | D:3      | Reached skill level 1 in Necromancy
  3209 | D:3      | Reached skill level 1 in Translocations
  3209 | D:3      | Reached skill level 1 in Fire Magic
  3209 | D:3      | Reached skill level 1 in Ice Magic
  3209 | D:3      | Reached skill level 1 in Air Magic
  3209 | D:3      | Reached skill level 1 in Earth Magic
  3249 | D:3      | Reached XP level 5. HP: 30/37 MP: 7/12
  3711 | D:4      | Found a stormy altar of Qazlal.
  3718 | D:4      | Learned a level 3 spell: Ignite Poison
  3722 | D:4      | Learned a level 3 spell: Mephitic Cloud
  3727 | D:4      | Learned a level 4 spell: Olgreb's Toxic Radiance
  3732 | D:4      | Found a sacrificial altar of Ru.
  3733 | D:4      | Found an ornate altar of the Wu Jian Council.
  3733 | D:4      | Found a sparkling altar of Nemelex Xobeh.
  4256 | D:4      | Identified the +6 whip of Patience {pain, Fragile rF+
                  | Dex+3}
  4439 | D:4      | Reached XP level 6. HP: 44/44 MP: 9/13
  4567 | D:5      | Entered Level 5 of the Dungeon
  4573 | D:5      | Noticed an ice beast
  4706 | D:4      | Killed an ice beast
  4707 | D:4      | Reached skill level 5 in Dodging
  5393 | D:5      | Noticed an ice beast
  5480 | D:5      | Reached XP level 7. HP: 18/50 MP: 15/15
  5736 | D:5      | Noticed Pikel
  5741 | D:5      | Killed Pikel
  5742 | D:5      | Reached skill level 5 in Stealth
  5742 | D:5      | Reached XP level 8. HP: 41/58 MP: 5/16
  7122 | D:6      | Noticed Edmund
  7273 | D:6      | Killed Edmund
  7468 | D:6      | Noticed Menkaure
  7477 | D:6      | Killed Menkaure
  7478 | D:6      | Reached XP level 9. HP: 51/65 MP: 18/18
  7527 | D:6      | Noticed Eustachio
  7537 | D:6      | Killed Eustachio
  7999 | D:7      | Found a shimmering blue altar of Sif Muna.
  8077 | D:7      | Found a staircase to the Ecumenical Temple.
  8086 | Temple   | Entered the Ecumenical Temple
  8332 | Temple   | Became a worshipper of Cheibriados the Contemplative
  8724 | D:7      | HP: 3/97 [hornet zombie (5)]
  9062 | D:7      | Found a runed translucent door.
  9063 | D:7      | Noticed Crazy Yiuf
  9624 | D:7      | Reached * piety under Cheibriados
  9810 | D:7      | Killed Crazy Yiuf
 10001 | D:7      | Reached skill level 5 in Invocations
 10362 | D:8      | Noticed Prince Ribbit
 10363 | D:8      | Noticed Harold
 10369 | D:8      | Killed from afar by an orc priest

Illustrated notes

Levels and vault maps discovered:
D:1:      dpeg_arrival_snail, layout_basic, shapermc_ecumenical_altar_venn
D:2:      layout_rooms, serial_shops, shop_coins, serial_rivers,
          chequers_serial_rivers_micro_a, chequers_serial_rivers_large_a,
          chequers_serial_rivers_small_a, chequers_serial_rivers_micro_c,
          chequers_serial_rivers_large_b, chequers_serial_rivers_micro_b,
          chequers_jeans
D:3:      layout_basic, kennysheep_nub
D:4:      layout_basic, grunt_temple_overflow_open
D:5:      layout_layer_cave, uniq_pikel
D:6:      layout_rooms, glass_columns_a, chequers_hall_statues_corner_a,
          uniq_eustachio, uniq_edmund, uniq_menkaure
D:7:      layout_basic, pf_just_have_faith, minmay_temple_entry_waves,
          serial_rivers, chequers_serial_rivers_micro_a,
          chequers_serial_rivers_micro_d, chequers_serial_rivers_marsh,
          chequers_serial_rivers_small_b, chequers_serial_rivers_micro_b,
          chequers_serial_rivers_micro_b, uniq_crazy_yiuf_cottage
D:8:      layout_rooms, xom_redecorated, gammafunk_ghost_hive,
          minmay_misc_feat_tower, minmay_misc_feat_enclosed,
          uniq_prince_ribbit1, uniq_harold
Temple:   nicolae_temple_elliptical

Skill      XL: |  1  2  3  4  5  6  7  8  9 |
---------------+----------------------------+-----
Transmutations | 2 3 4 |  4.3
Spellcasting   | 5 6 |  6.8
Invocations    | 1 2 3 4 5 |  5.0
Fighting       | 1 2 3 4 |  4.5
Short Blades   | 1 2 3 4 |  4.5
Long Blades    | 1 2 3 4 |  4.5
Axes           | 1 2 3 4 |  4.5
Maces & Flails | 1 2 3 4 |  4.5
Polearms       | 1 2 3 4 |  4.5
Staves         | 1 2 3 4 |  4.5
Slings         | 1 2 3 4 |  4.5
Bows           | 1 2 3 4 |  4.5
Crossbows      | 1 2 3 4 |  4.5
Throwing       | 1 2 3 4 |  4.5
Armour         | 1 2 3 4 |  4.5
Shields        | 1 2 3 4 |  4.5
Unarmed Combat | 1 2 3 4 |  4.5
Evocations     | 1 2 3 4 |  4.5
Conjurations   | 1 2 3 |  3.7
Hexes          | 1 2 3 |  3.7
Summonings     | 1 2 3 |  3.7
Necromancy     | 1 2 3 |  3.7
Translocations | 1 2 3 |  3.7
Fire Magic     | 1 2 3 |  3.7
Ice Magic      | 1 2 3 |  3.7
Air Magic      | 1 2 3 |  3.7
Earth Magic    | 1 2 3 |  3.7
Dodging        | 5 6 |  6.5
Stealth        | 5 6 |  6.2
Poison Magic   | 6 |  6.7

Action                   |  1- 3 |  4- 6 |  7- 9 || total
-------------------------+-------+-------+-------++-------
Melee: Spear             |     9 |       |       ||     9
       Bite              |     3 |     3 |     8 ||    14
       Mace              |     7 |    12 |       ||    19
       Whip              |       |    32 |    85 ||   117
       Punch             |       |       |     2 ||     2
 Cast: Sting             |    24 |     1 |     9 ||    34
       Poisonous Vapours |    28 |    42 |    87 ||   157
       Olgreb's Toxic Ra |       |     2 |     9 ||    11
       Ignite Poison     |       |     1 |    17 ||    18
Evoke: Wand              |       |       |    15 ||    15
  Use: Scroll            |     5 |     4 |       ||     9
       Potion            |       |     1 |     3 ||     4
 Stab: Sleeping          |       |     1 |     1 ||     2
Armor: Robe              |     4 |     3 |     9 ||    16
Dodge: Dodged            |    19 |    45 |   112 ||   176

Table legend: (Time is in decaauts)
 A = Elapsed time spent in this place.
 B = Non-inter-level travel time spent in this place.
 C = Inter-level travel time spent in this place.
 D = Time resting spent in this place.
 E = Time spent auto-exploring this place.
 F = Levels seen in this place.
 G = Mean time per level.
                   A        B        C        D        E       F      G
               +--------+--------+--------+--------+--------+-----+--------+
         Total |  10680 |  10380 |    300 |   1194 |   8263 |   9 | 1186.7 |
       Dungeon |  10368 |  10095 |    273 |   1159 |   8037 |   8 | 1296.0 |
        Temple |    312 |    285 |     27 |     35 |    226 |   1 |  312.0 |
               +--------+--------+--------+--------+--------+-----+--------+

Top non-repeatable levels by time:
     D:5: 2176 daAuts
     D:7: 2161 daAuts
     D:2: 1466 daAuts
     D:4: 1324 daAuts
     D:3: 1135 daAuts
     D:1: 1094 daAuts
     D:6: 793 daAuts
  Temple: 312 daAuts
     D:8: 216 daAuts
